 Dungeon Crawl Stone Soup version 0.27.0-1-g7a089689b8 (webtiles) character file.

Game seed: 14749314311926398123

53 Descartes the Ducker (level 3, -2/17 HPs)
             Began as a Felid Monk on Aug 1, 2021.
             Slain by an adder (5 damage)
             ... on level 2 of the Dungeon.
             The game lasted 00:02:09 (1605 turns).

Descartes the Ducker (Felid Monk)                   Turns: 1605, Time: 00:02:10

Health: -2/17      AC:  1    Str:  8    XL:     3   Next: 64%
Magic:  4/4        EV: 19    Int: 11    God:
Gold:   63         SH:  0    Dex: 18    Spells: 2/2 levels left
                                        Lives:  0   Deaths: 0

rFire    . . .     SeeInvis +     - Unarmed
rCold    . . .     Faith    .   (shield unavailable)
rNeg     . . .     Spirit   .   (armour unavailable)
rPois    .         Reflect  .   (helmet unavailable)
rElec    .         Harm     .   (cloak unavailable)
rCorr    .         Rampage  .   (gloves unavailable)
Will     .....                  (boots unavailable)
Stlth    +++.......             (no amulet)
HPRegen  0.05/turn              (no ring)
MPRegen  0.09/turn              (no ring)

@: quick
A: very small, claws 1, fangs 3, see invisible, speed 1, shaggy fur 1, stealthy
paws, no weapons or thrown items, no armour, multi-lived
a: no special abilities


You were on level 2 of the Dungeon.
You visited 1 branch of the dungeon, and saw 2 of its levels.

You collected 63 gold pieces.

Inventory:

Jewellery
 c - a ring of fire
Scrolls
 a - a scroll of noise {unknown}
 b - a scroll of enchant armour {unknown}
 d - a scroll of enchant weapon {unknown}
 e - a scroll of identify {unknown}
Potions
 f - a potion of invisibility {unknown}


   Skills:
 - Level 3.0 Fighting
 + Level 4.8 Dodging
 + Level 3.9 Stealth
 + Level 3.6 Unarmed Combat


You had 2 spell levels left.
You didn't know any spells.
Your spell library contained the following spells:

 Spells                   Type           Power      Damage    Failure   Level
 Dazzling Flash           Conj/Hex       0%         N/A       71%         3
 Iskenderun's Mystic Bla  Conj/Tloc      0%         2d3       98%         4
 Starburst                Conj/Fire      0%         8x6d3     100%        6


Dungeon Overview and Level Annotations

Branches:
Dungeon (2/15)

Altars:

Shops:
D:1 (


Innate Abilities, Weirdness & Mutations

You have sharp claws.
You have razor-sharp teeth.
You have supernaturally acute eyesight. (SInv)
You cover ground quickly. (Speed+)
You are covered in fur. (AC +1)
Your paws help you pounce on unaware monsters.
You are incapable of wielding weapons or throwing items.
You cannot wear armour.
You gain extra lives every three experience levels.


Message History

An adder is nearby!
The adder hisses angrily.
The adder barely misses you.
You scratch the adder.
The adder is heavily wounded.
The adder closely misses you. The adder bites you.
You scratch the adder.
The adder is severely wounded.
The adder bites you.
You are poisoned.
The adder poisons you!
You closely miss the adder.
The adder is severely wounded.
You feel sick. The adder misses you.
You closely miss the adder.
The adder is severely wounded.
The adder barely misses you.
You barely miss the adder.
The adder is severely wounded.
You feel sick. The adder bites you.
You completely miss the adder.
The adder is severely wounded.
You feel sick. The adder bites you.
* * * LOW HITPOINT WARNING * * *
The adder completely misses you.
You barely miss the adder.
The adder is heavily wounded.
You feel sick. The adder completely misses you.
You completely miss the adder.
The adder is heavily wounded.
You feel sick.
You are no longer poisoned.
The adder barely misses you.
You scratch the adder. Your claw misses the adder.
The adder is severely wounded.
The adder closely misses you.
You scratch the adder.
The adder is severely wounded.
The adder bites you.
You die...

#.# #.# #.#
####.###.###
#..........# #####
#.#.###.##.# .... #.#.#
##. #..# #.#.#
#.####S.# #.#..
#......@#
#.########..####.#
#.......##..# #.#
#######.##..####.######
#.##...........!..
#.###.####.#######
#.....# #... #######
#####


You could see an adder.

Vanquished Creatures
  2 adders (D:2)
  3 worms (D:2)
  A ball python (D:1)
  An endoplasm (D:1)
  3 giant cockroaches
  2 hobgoblins
  4 jackals (D:2)
  A quokka (D:1)
  A bat (D:1)
  3 frilled lizards
  2 goblins
  2 kobolds (D:2)
  3 rats
28 creatures vanquished.

Notes
Turn   | Place    | Note
-------+----------+-------------------------------------------
     0 | D:1      | Descartes the Felid Monk began the quest for the Orb.
     0 | D:1      | Reached XP level 1. HP: 10/10 MP: 2/2
   430 | D:1      | Found a faded altar of an unknown god.
   481 | D:1      | Reached XP level 2. HP: 13/14 MP: 3/3
   483 | D:1      | Found Xiduosut's Weapon Shoppe.
  1263 | D:2      | Reached XP level 3. HP: 17/17 MP: 4/4
  1605 | D:2      | Slain by an adder

Illustrated notes

Levels and vault maps discovered:
D:1:      minmay_arrival_hallway, layout_rooms, serial_shops, shop,
          dreamdust_ecumenical_altar_hidden_monk_grotto
D:2:      minmay_alternating_diamond, layout_basic, basic_altar

Skill      XL: |  1 |
---------------+----+-----
Stealth        | 3 |  3.9
Fighting       | |  3.0
Dodging        | |  4.8
Unarmed Combat | |  3.6

Action                   || total
-------------------------++-------
Melee: Unarmed           ||    91
       Bite              ||     8
       Punch             ||     1
 Stab: Sleeping          ||     7
Armor: Skin              ||     3
Dodge: Dodged            ||    62
